 Dungeon Crawl Stone Soup version 0.30.1-11-g7821555f0a (webtiles) character file.

Game seed: 15994339272267268167

209 porpoise the Skirmisher (level 5, 0/43 HPs)
             Began as a Gnoll Hunter on Jan 12, 2024.
             Slain by a hobgoblin (3 damage)
             ... on level 4 of the Dungeon.
             The game lasted 00:06:35 (2894 turns).

porpoise the Skirmisher (Gnoll Hunter)              Turns: 2894, Time: 00:06:36

Health: 0/43       AC:  3    Str: 10    XL:     5   Next: 87%
Magic:  7/7        EV: 14    Int: 15    God:
Gold:   87         SH:  5    Dex: 17    Spells: 7/7 levels left

rFire   + . .        a - +0 shortbow
rCold   + . .        (shield currently unavailable)
rNeg    . . .        c - +0 leather armour
rPois   +            (no helmet)
rElec   +            (no cloak)
rCorr   +            (no gloves)
SInv    .            (no boots)
Will    .....        w - amulet of reflection
Stlth   ++           s - +6 ring of intelligence
HPRegen 0.27/turn    (no ring)
MPRegen 0.10/turn

%: reflection
@: brilliant, resistant (expiring)
A: fangs 1, strong nose, distributed training
a: no special abilities


You were on level 4 of the Dungeon.
You visited 2 branches of the dungeon, and saw 5 of its levels.

You collected 130 gold pieces.
You spent 43 gold pieces at shops.

Inventory:

Hand Weapons
 a - a +0 shortbow (weapon)
 p - a +0 trident
 v - the +1 dagger of Entrepreneurial Spirit {flame, rElec}
   (You found it on level 3 of the Dungeon)

   rElec:     It insulates you from electricity.
Armour
 c - a +0 leather armour (worn)
 d - a +0 ring mail
Jewellery
 s - a +6 ring of intelligence (left hand)
 w - an amulet of reflection (around neck)
Scrolls
 b - 2 scrolls of immolation
 e - a scroll of enchant armour {unknown}
 g - a scroll of fear {unknown}
 h - 3 scrolls of teleportation
 j - a scroll of summoning {unknown}
 l - a scroll of brand weapon {unknown}
 o - a scroll of amnesia {unknown}
 t - a scroll of noise {unknown}
 u - a scroll of poison {unknown}
 x - a scroll of identify
Potions
 f - a potion of haste
 i - a potion of magic
 q - a potion of lignification {unknown}
 r - a potion of might {unknown}


   Skills:
 + Level 4.9 Fighting
 + Level 1.7 Short Blades
 + Level 1.7 Long Blades
 + Level 1.7 Axes
 + Level 1.7 Maces & Flails
 + Level 1.7 Polearms
 + Level 1.7 Staves
 + Level 8.7 Ranged Weapons
 + Level 1.7 Throwing
 + Level 1.7 Armour
 + Level 4.9 Dodging
 + Level 2.9 Stealth
 + Level 1.7 Shields
 + Level 1.7 Unarmed Combat
 + Level 1.7 Spellcasting
 + Level 1.3 Conjurations
 + Level 1.3 Hexes
 + Level 1.3 Summonings
 + Level 1.3 Necromancy
 + Level 1.3 Translocations
 + Level 1.3 Transmutations
 + Level 1.3 Fire Magic
 + Level 1.3 Ice Magic
 + Level 1.3 Air Magic
 + Level 1.3 Earth Magic
 + Level 1.3 Poison Magic
 + Level 2.0 Invocations
 + Level 1.7 Evocations


You had 7 spell levels left.
You didn't know any spells.
Your spell library contained the following spells:

 Spells                   Type           Power      Damage    Failure   Level
 Leda's Liquefaction      Hex/Erth       4%         N/A       86%         4
 Lee's Rapid Deconstruct  Erth           4%         3d5*      99%         5
 Statue Form              Tmut/Erth      5%         N/A       100%        6


Dungeon Overview and Level Annotations

Branches:
Dungeon (4/15)             Temple (1/1) D:4

Altars:
Elyvilon
Gozag
Kikubaaqudgha
Makhleb
Nemelex Xobeh
Okawaru
Qazlal
Ru
Sif Muna
Trog
Uskayaw
Vehumet
Wu Jian
Yredelemnul
The Shining One

Shops:
D:1 ??*


Innate Abilities, Weirdness & Mutations

You have very sharp teeth.
Your uncanny sense of smell can sniff out nearby items.
Your experience applies equally to all skills.


Message History

There is an open door here.
The hound attacks as you move away! The hound closely misses you.
The hound bites you but does no damage.
There's nothing to close nearby.
There are monsters nearby!
You shoot an arrow. The arrow barely misses the hound.
The arrow barely misses the hobgoblin.
The arrow closely misses the gnoll bouda.
You block the hound's attack.
You shoot an arrow. The arrow misses the hound.
The arrow hits the hobgoblin.
The hobgoblin is heavily wounded.
The hound completely misses you. You block the hound's attack.
You shoot an arrow. The arrow barely misses the hound.
The arrow hits the hobgoblin.
You kill the hobgoblin!
You flicker back into view.
The hound closely misses you.
The gnoll bouda barks out a call to the hunt!
You shoot an arrow. The arrow barely misses the hound.
The arrow barely misses the gnoll bouda.
You start to feel less resistant.
The hound bites you but does no damage. The hound bites you.
* * * LOW HITPOINT WARNING * * *
The hobgoblin closely misses you.
You shoot an arrow.
The arrow hits the hound but does no damage.
You block the hound's attack.
The hobgoblin hits you but does no damage.
You block the hound's attack.
You shoot an arrow. The gnoll shouts!
The arrow hits the hound!
The hound is heavily wounded.
You block the hound's attack. The hobgoblin closely misses you.
You shoot an arrow. The arrow hits the hound!
The hound is almost dead.
The hound bites you but does no damage.
A quokka comes into view.
The hobgoblin hits you.
You die...

####....####.........###
#.#
.[.........+.........'..
.†#
####....####.........###
#.# #.#.## ##.......##
#.# ...## ##.gg..## #..
...# ##.†.## #...# ##g##
###.# #h# .# #@# #g....#
...##.... ..... .r
.....#. ........#
#...#... . ##.##.#####


You could see a gnoll bouda, a hound, 2 gnolls, a quokka (wandering) and a
hobgoblin.

Vanquished Creatures
  A sleepcap (D:4)
  Natasha (thrice) (D:2)
  A hound zombie (D:3)
  3 gnolls (D:4)
  3 dart slugs
  7 endoplasms
  A giant cockroach (D:1)
  6 hobgoblins
  3 jackals (D:1)
  5 quokkas
  4 ball pythons
  A ball python zombie (D:3)
  7 bats
  6 goblins
  A jackal skeleton (D:3)
  5 kobolds
  4 rats
61 creatures vanquished.

Notes
Turn   | Place    | Note
-------+----------+-------------------------------------------
     0 | D:1      | porpoise the Gnoll Hunter began the quest for the Orb.
     0 | D:1      | Reached XP level 1. HP: 20/20 MP: 1/1
   291 | D:1      | Reached XP level 2. HP: 26/26 MP: 2/2
   489 | D:1      | Found Banoaris's Assorted Antiques.
   614 | D:1      | Bought a fuming amethyst potion for 20 gold pieces
   614 | D:1      | Bought a scroll labelled GUM LEYN OLEMAOTS for 23 gold
                  | pieces
   690 | D:1      | Found Qinukk's Magic Scroll Shoppe.
   848 | D:1      | Found Moosojen's Magic Scroll Shop.
  1043 | D:2      | Noticed Natasha
  1052 | D:2      | Killed Natasha
  1053 | D:2      | Reached skill level 1 in Short Blades
  1053 | D:2      | Reached skill level 1 in Long Blades
  1053 | D:2      | Reached skill level 1 in Axes
  1053 | D:2      | Reached skill level 1 in Maces & Flails
  1053 | D:2      | Reached skill level 1 in Polearms
  1053 | D:2      | Reached skill level 1 in Staves
  1053 | D:2      | Reached skill level 1 in Throwing
  1053 | D:2      | Reached skill level 1 in Armour
  1053 | D:2      | Reached skill level 1 in Shields
  1053 | D:2      | Reached skill level 1 in Unarmed Combat
  1053 | D:2      | Reached skill level 1 in Spellcasting
  1053 | D:2      | Reached skill level 1 in Invocations
  1053 | D:2      | Reached skill level 1 in Evocations
  1053 | D:2      | Reached XP level 3. HP: 14/31 MP: 2/4
  1396 | D:2      | Reached XP level 4. HP: 34/38 MP: 5/5
  1484 | D:2      | Noticed Natasha
  1487 | D:2      | Killed Natasha
  1488 | D:2      | Reached skill level 1 in Conjurations
  1488 | D:2      | Reached skill level 1 in Hexes
  1488 | D:2      | Reached skill level 1 in Summonings
  1488 | D:2      | Reached skill level 1 in Necromancy
  1488 | D:2      | Reached skill level 1 in Translocations
  1488 | D:2      | Reached skill level 1 in Transmutations
  1488 | D:2      | Reached skill level 1 in Fire Magic
  1488 | D:2      | Reached skill level 1 in Ice Magic
  1488 | D:2      | Reached skill level 1 in Air Magic
  1488 | D:2      | Reached skill level 1 in Earth Magic
  1488 | D:2      | Reached skill level 1 in Poison Magic
  1644 | D:2      | Noticed Natasha
  1659 | D:2      | Killed Natasha
  1660 | D:2      | Reached XP level 5. HP: 30/43 MP: 5/7
  2096 | D:3      | Found a basalt altar of Yredelemnul.
  2481 | D:3      | Identified the +1 dagger of Entrepreneurial Spirit {flame,
                  | rElec}
  2572 | D:4      | Found a staircase to the Ecumenical Temple.
  2588 | Temple   | Entered the Ecumenical Temple
  2848 | D:4      | HP: 2/43 [gnoll bouda/+0 whip (11)]
  2891 | D:4      | HP: 2/43 [hound (5)]
  2894 | D:4      | Slain by a hobgoblin

Illustrated notes

Levels and vault maps discovered:
D:1:      saegor_arrival_simple_b, layout_loops_corners, serial_shops,
          shop_fountains, nicolae_shop_tiny_glass, shop, reono_crystal_passage,
          minmay_domino_4
D:2:      minmay_alternating_diamond, layout_loops_ring, grunt_ministairs_4,
          uniq_natasha
D:3:      layout_basic, mainiacjoe_overflow_catwalk, serial_undead,
          serial_undead_c, serial_undead_d, serial_undead_e, serial_undead_c,
          nicolae_hexahallways
D:4:      old_forge, layout_loops_corners, nicolae_ashenzari_skybound,
          minmay_temple_entry_gardened_gates, minmay_ruined_shrine, uniq_edmund
Temple:   nicolae_temple_great_sept

Skill      XL: |  1  2  3  4  5 |
---------------+----------------+-----
Short Blades   | 1 |  1.7
Long Blades    | 1 |  1.7
Axes           | 1 |  1.7
Maces & Flails | 1 |  1.7
Polearms       | 1 |  1.7
Staves         | 1 |  1.7
Throwing       | 1 |  1.7
Armour         | 1 |  1.7
Shields        | 1 |  1.7
Unarmed Combat | 1 |  1.7
Spellcasting   | 1 |  1.7
Invocations    | 1 2 |  2.0
Evocations     | 1 |  1.7
Conjurations   | 1 |  1.3
Hexes          | 1 |  1.3
Summonings     | 1 |  1.3
Necromancy     | 1 |  1.3
Translocations | 1 |  1.3
Transmutations | 1 |  1.3
Fire Magic     | 1 |  1.3
Ice Magic      | 1 |  1.3
Air Magic      | 1 |  1.3
Earth Magic    | 1 |  1.3
Poison Magic   | 1 |  1.3
Fighting       | |  4.9
Ranged Weapons | |  8.7
Dodging        | |  4.9
Stealth        | |  2.9

Action                     |  1- 3 |  4- 6 || total
---------------------------+-------+-------++-------
   Fire: Shortbow          |    73 |   119 ||   192
    Use: Scroll            |     3 |       ||     3
         Potion            |       |     3 ||     3
 Armour: Leather armour    |     2 |     8 ||    10
  Dodge: Dodged            |    15 |    39 ||    54
  Block: Other             |       |    14 ||    14
